 Dungeon Crawl Stone Soup version 0.17-a0-2118-g63bad21 (webtiles) character file.

75 fredomojojo the Magician (level 4, 0/24 HPs)
             Began as a High Elf Wizard on Oct 20, 2015.
             Was a Follower of Sif Muna.
             Slain by an orc wizard
             ... wielding a +0 dagger
              (3 damage)
             ... on level 3 of the Dungeon.
             The game lasted 00:47:46 (1682 turns).

fredomojojo the Magician (High Elf Wizard)          Turns: 1682, Time: 00:47:46

Health: 0/24       AC:  5    Str:  6    XL:     4   Next: 11%
Magic:  6/11       EV: 13    Int: 23    God:    Sif Muna [*.....]
Gold:   148        SH:  0    Dex: 18    Spells: 1 memorised, 11 levels left

rFire  . . .     SeeInvis .     t - +0 long sword
rCold  . . .     Clarity  +     h - +1 robe
rNeg   . . .     SustAt   .     (no shield)
rPois  .         Gourm    .     l - +1 helmet
rElec  .         Spirit   .     (no cloak)
rCorr  .         Warding  .     (no gloves)
rMut   .         Stasis   .     (no boots)
MR     .....                    (no amulet)
Stlth  +++.......               (no ring)
                                k - +5 ring of dexterity

@: very slightly contaminated, not resistant to hostile enchantments, fairly
stealthy
A: blurry vision 1, clarity, frail 1
a: Channel Energy, Renounce Religion


You were on level 3 of the Dungeon.
You worshipped Sif Muna.
Sif Muna was aware of your devotion.
You were not hungry.

You visited 1 branch of the dungeon, and saw 3 of its levels.

You collected 148 gold pieces.

Inventory:

Hand Weapons
 a - a +0 hunting sling
 e - a +0 spear
 j - a +4 dagger
 p - a +0 blowgun
 t - a +0 long sword (weapon)
Missiles
 g - 43 stones (quivered)
 i - 19 sling bullets
 q - 15 poisoned needles
Armour
 b - a +0 hat
 h - a +1 robe (worn)
 l - a +1 helmet (worn)
 o - a cursed +0 robe
Jewellery
 k - a +5 ring of dexterity (left hand)
Scrolls
 n - a scroll of enchant armour
 v - a scroll of identify
Potions
 f - 2 potions of flight
 s - a potion of berserk rage {unknown}
Books
 c - a book of Minor Magic

   Spells                             Type                      Level
   a - Magic Dart                     Conjuration                  1
   b - Blink                          Translocation                2
   c - Call Imp                       Summoning                    2
   d - Repel Missiles                 Charms/Air                   2
   e - Slow                           Hexes                        2
   f - Conjure Flame                  Conjuration/Fire             3
   g - Mephitic Cloud                 Conjuration/Poison/Air       3
Comestibles
 d - 3 bread rations
 m - 2 royal jellies
 u - a meat ration


   Skills:
 + Level 0.2 Fighting
 - Level 0.2(0.4) Short Blades
 * Level 0.2(0.4) Long Blades
 - Level 0.4 Slings
 + Level 2.4 Dodging
 + Level 3.1 Stealth
 + Level 4.5 Spellcasting
 * Level 2.0 Conjurations
   Level 0.8 Summonings
   Level 1.1 Translocations


You had 11 spell levels left.
You knew the following spells:

 Your Spells              Type           Power        Failure   Level  Hunger
a - Magic Dart            Conj           ##..         4%          1    None


Dungeon Overview and Level Annotations

Branches:
Dungeon (3/15)

Altars:
Ashenzari
Elyvilon
Kikubaaqudgha
Nemelex Xobeh
Ru
Sif Muna
Trog


Innate Abilities, Weirdness & Mutations

Scrolls take you a little longer to read.
You possess an exceptional clarity of mind.
You are frail (-10% HP).


Message History

You closely miss the orc wizard.
The orc wizard is lightly wounded.
The orc wizard barely misses you.
The orc wizard looks braver for a moment.
You barely miss the orc wizard.
The orc wizard is lightly wounded.
The orc wizard hits you but does no damage.
The orc wizard barely misses you.
You hit the orc wizard.
The orc wizard is lightly wounded.
The orc wizard closely misses you.
The orc wizard hits you but does no damage.
You hit the orc wizard.
The orc wizard is moderately wounded.
The orc wizard closely misses you.
The orc wizard gestures at you while chanting.
The puff of frost hits you!
* * * LOW HITPOINT WARNING * * *
The orc wizard hits you with a dagger.
You die...

******,#..# #.# #.##
******,,,,,,#..# #.# #.#
*,,,,,,****##..# #.# #.##
*,**,,,,,,*#...#############...
*,**,*,##.##.#...............##
*,**,*,......................#
*,**,**...##.#...............#
*,**,**,*,*#.#.###############
***,**,**.*,*#,#@#
,,,,,*,,,..,*#.#o#
**,*,**,,...##.#)#
**,*,**,,.......o#
,,,*,**,,....#.#.#
****,**,,..,,#...#
****,**,,....###.## ####
,,,,,******#......# #..#
**,,,,,* #####..# ##.#*


You could see an orc wizard and an orc.

Vanquished Creatures
  2 adders (D:2)
  A giant gecko (D:3)
  2 orcs (D:3)
  6 bats
  3 giant cockroaches
  4 hobgoblins
  4 jackals (D:3)
  A quokka (D:3)
  A ball python (D:1)
  16 giant newts
  5 goblins
  11 kobolds
  4 rats (D:2)
60 creatures vanquished.

Notes
Turn   | Place    | Note
--------------------------------------------------------------
     0 | D:1      | fredomojojo the High Elf Wizard began the quest for the Orb.
     0 | D:1      | Reached XP level 1. HP: 11/11 MP: 6/6
    40 | D:1      | Gained mutation: You possess an exceptional clarity of mind. [potion of mutation]
    40 | D:1      | Gained mutation: Scrolls take you a little longer to read. [potion of mutation]
    40 | D:1      | Gained mutation: You are frail (-10% HP). [potion of mutation]
   234 | D:1      | Reached skill level 4 in Spellcasting
   305 | D:1      | Reached XP level 2. HP: 5/15 MP: 0/8
   717 | D:2      | Found a white marble altar of Elyvilon.
   725 | D:2      | Became a worshipper of Elyvilon the Healer
   812 | D:2      | Found a bloodstained altar of Trog.
   815 | D:2      | Found a sparkling altar of Nemelex Xobeh.
   818 | D:2      | Found a sacrificial altar of Ru.
   852 | D:2      | Found a shattered altar of Ashenzari.
   893 | D:2      | Reached XP level 3. HP: 18/18 MP: 0/9
  1058 | D:2      | Found an ancient bone altar of Kikubaaqudgha.
  1240 | D:3      | Found a faded altar to an unknown god.
  1245 | D:3      | Fell from the grace of Elyvilon
  1245 | D:3      | Became a worshipper of Sif Muna the Loreminder
  1245 | D:3      | Reached * piety under Sif Muna
  1524 | D:3      | Reached XP level 4. HP: 18/24 MP: 11/11
  1682 | D:3      | Slain by an orc wizard

Vault maps used:
D:1:      roderic_crop_circles_arrival_small, minmay_newt_pond
D:2:      elyvilon_altar_3, ashenzari_conservatory_becter, lemuel_crystal_altar,
          minmay_overflow_temple_star_quad, first_bread,
          kennysheep_big_empty_room
D:3:      ecumenical_altar_1, serial_co_window_serial,
          co_window_of_opportunity_a, co_window_corner_a,
          co_window_of_opportunity_a, co_window_paths_b, co_window_paths_a,
          co_window_2corner, co_window_corner_ca, co_window_broadway_a,
          co_window_of_opportunity_c, glass_columns_a

Action                   |  1- 3 |  4- 6 || total
-------------------------+-------+-------++-------
Melee: Club              |     4 |       ||     4
       Unarmed           |     1 |       ||     1
       Dagger            |    45 |       ||    45
       Long sword        |    15 |    30 ||    45
 Fire: Hunting sling     |     8 |       ||     8
Throw: Stone             |     1 |       ||     1
 Cast: Magic Dart        |    60 |    14 ||    74
  Use: Potion            |     6 |     1 ||     7
       Scroll            |     7 |       ||     7
 Stab: Sleeping          |     5 |       ||     5
  Eat: Bread ration      |     1 |       ||     1
